 Dungeon Crawl Stone Soup version 0.31.0-2-g5a2aebc5c2 (webtiles) character file.

Game seed: 6050674992424168335

23589 ragingrage the Fighter (level 13, 0/109 HPs)
             Began as a Barachi Shapeshifter on Jan 20, 2024.
             Was a Follower of Uskayaw.
             Slain by a black mamba (11 damage)
             ... on level 2 of the Lair of Beasts.
             The game lasted 00:33:26 (19900 turns).

ragingrage the Fighter (Barachi Shapeshifter)      Turns: 19900, Time: 00:33:27

Health: 0/109      AC:  9    Str: 17    XL:     13   Next: 7%
Magic:  17/17      EV: 13    Int: 11    God:    Uskayaw [*.....]
Gold:   9          SH:  0    Dex: 15    Spells: 11/12 levels left

rFire   . . .        q - +3 short sword (distort)
rCold   . . .        (no shield)
rNeg    . . .        K - +4 ring mail
rPois   +            y - melded +0 helmet
rElec   .            E - melded +0 cloak
rCorr   .            (gloves currently unavailable)
SInv    .            V - melded +0 pair of boots
Will    ++...        (no amulet)
Stlth   ++           b - ring of willpower
HPRegen 0.38/turn    G - ring of Accord {rPois Will+}
MPRegen 0.15/turn

%: no passive effects
@: beast-form, marked, unable to hop, studying 2 skills, slow
A: beast (slay +4), amphibious, slowness 1, strong legs 2, +LOS
a: Hop, Begin Untransformation, Renounce Religion, Stomp


You were on level 2 of the Lair of Beasts.
You worshipped Uskayaw.
Uskayaw was noncommittal.
You were a hulking beast.
You visited 4 branches of the dungeon, and saw 17 of its levels.
You also visited: Bailey.

You collected 999 gold pieces.
You spent 990 gold pieces at shops.

Inventory:

Hand Weapons
 m - a +8 broad axe
 q - a +3 short sword of distortion (weapon)
 L - the +8 dagger of Watchfulness {speed, Will+ rCorr}
   (You found it in a bailey)

   Will+:     It increases your willpower.
   rCorr:     It protects you from acid and corrosion.
 O - the +8 sling "Yqomek Gyqa" {speed, rElec Will+}
   (You found it on level 11 of the Dungeon)

   rElec:     It insulates you from electricity.
   Will+:     It increases your willpower.
Missiles
 D - 6 atropa-tipped darts
 H - 17 boomerangs (quivered)
 I - 6 poisoned darts
Armour
 y - a +0 helmet (melded)
 E - a +0 cloak (melded)
 K - a +4 ring mail (worn)
 V - a +0 pair of boots (melded)
Jewellery
 b - a ring of willpower (left hand)
 G - the ring of Accord (right hand) {rPois Will+}
   (You found it on level 8 of the Dungeon)

   [ring of willpower]

   rPois:     It protects you from poison Will+: It increases your willpower.
Talismans
 c - a beast talisman (active)
 d - a flux talisman
 l - a maw talisman
Wands
 F - a wand of iceblast (8)
 J - a wand of polymorph (12)
Scrolls
 a - 2 scrolls of noise
 g - 4 scrolls of enchant weapon
 h - 3 scrolls of revelation
 i - 3 scrolls of teleportation
 j - 2 scrolls of vulnerability
 n - a scroll of blinking
 o - 3 scrolls of fear
 r - 2 scrolls of silence
 v - 2 scrolls of immolation
 w - 2 scrolls of enchant armour
 C - 2 scrolls of fog
 M - a scroll of amnesia {unknown}
Potions
 e - 2 potions of enlightenment {unknown}
 f - a potion of ambrosia {unknown}
 k - 3 potions of invisibility {unknown}
 p - 2 potions of resistance {unknown}
 s - 3 potions of curing
 t - 4 potions of mutation
 u - 7 potions of magic
 x - a potion of berserk rage
 z - 2 potions of cancellation {unknown}
 A - a potion of brilliance {unknown}
 B - 2 potions of might {unknown}
 N - 2 potions of heal wounds {unknown}


   Skills:
 + Level 12.6 Fighting
 - Level 10.0 Short Blades
 - Level 6.0 Throwing
 + Level 6.2 Dodging
 - Level 4.0 Stealth
 - Level 4.8 Unarmed Combat
 + Level 6.5 Invocations
 - Level 10.9 Evocations
 - Level 10.0 Shapeshifting


You had 11 spell levels left.
You knew the following spells:

 Your Spells              Type           Power      Damage    Failure   Level
a - Apportation           Tloc           0%         N/A       54%         1

Your spell library contained the following spells:

 Spells                   Type           Power      Damage    Failure   Level
 Necrotise                Necr           0%         1d4       54%         1
 Sting                    Conj/Alch      0%         1d3       54%         1
 Summon Small Mammal      Summ           0%         N/A       54%         1
 Sublimation of Blood     Necr           0%         N/A       69%         2
 Call Canine Familiar     Summ           0%         N/A       89%         3
 Gell's Gravitas          Tloc           0%         N/A       89%         3
 Inner Flame              Hex/Fire       0%         N/A       89%         3
 Teleport Other           Tloc           0%         N/A       89%         3
 Dispel Undead            Necr           0%         3d6       100%        4
 Flame Wave               Conj/Fire      0%         2d4       100%        4
 Petrify                  Alch/Erth      0%         N/A       100%        4
 Sticky Flame             Fire/Alch      0%         2d4       100%        4
 Summon Blazeheart Golem  Fire/Summ      0%         N/A       100%        4
 Alistair's Intoxication  Alch           0%         N/A       100%        5
 Borgnjor's Vile Clutch   Necr/Erth      0%         N/A       100%        5
 Irradiate                Conj/Alch      0%         3d11      100%        5
 Dispersal                Tloc           0%         N/A       100%        6
 Eringya's Noxious Bog    Alch           0%         4d6       100%        6
 Haunt                    Necr/Summ      0%         N/A       100%        7
 Borgnjor's Revivificati  Necr           0%         N/A       100%        8


Dungeon Overview and Level Annotations

Branches:
Dungeon (12/15)            Temple (1/1) D:5            Lair (3/5) D:11
 Spider (0/4) Lair:2          Orc (1/2) D:9          Bailey (visited)
  Swamp: Lair:2-3    Shoals: Lair:2-3

Altars:
Ashenzari
Cheibriados
Dithmenos
Elyvilon
Fedhas
Gozag
Hepliaklqana
Kikubaaqudgha
Nemelex Xobeh
Okawaru
Qazlal
Ru
Sif Muna
Trog
Uskayaw
Vehumet
Wu Jian
Xom
Yredelemnul
Zin
The Shining One

Shops:
D:1 ?   D:2 :   D:4 [

Annotations:
D:3 1 runed translucent door, booth's ghost, amateur GrMo
D:9 exclusions: deep elf pyromancer, freezing wraith and orange crystal statue
D:11 exclusion: two-headed ogre
Lair:2 exclusion: door
Abyss:1 Gastronok; Joseph; Natasha


Innate Abilities, Weirdness & Mutations

You are a hulking beast.
Your limbs bulge with bestial killing power. (Slay +4)
You are amphibious.
You cover ground slowly.
You can hop long distances.
You have an extended range of vision and can be seen from far away.


Message History

Hop to where?
Press: ? - help, Dir - move target Boing!
The black mamba bites something but does no damage.
You hit the dream sheep but do no damage.
You punch the dream sheep!
The dream sheep is heavily wounded.
The dream sheep blinks!
The black mamba bites you! The black mamba bites you!
The black mamba bites you. The black mamba bites you!
You hit the black mamba.
Space warps horribly around the black mamba!
The black mamba is heavily wounded.
The black mamba bites you.
* * * LOW HITPOINT WARNING * * *
You are poisoned.
The black mamba poisons you!
The dream sheep ruffles its wool and motes of dream dust sparkle, to no effect.
You feel better. The black mamba bites you!
* * * LOW HITPOINT WARNING * * *
You are poisoned.
The black mamba poisons you! The black mamba bites you!
* * * LOW HITPOINT WARNING * * *
You feel better. The black mamba bites you.
* * * LOW HITPOINT WARNING * * *
The black mamba closely misses you.
As you read the scroll of fear, it crumbles to dust.
You assume a fearsome visage.
The dream sheep looks frightened!
A frightened dream sheep leaps away.
The water moccasin looks frightened!
The black mamba looks frightened!
The dream sheep shakes its wool and sparkles.
You feel drowsy...
You fall asleep.
The dream sheep headbutts you!!
You wake up.
* * * LOW HITPOINT WARNING * * *
A cane toad comes into view.
The black mamba barely misses you. The black mamba bites you!
You die...

.<................# ##.## #.##
.##.##............####.#####.## #
..###..##.#.P##..###.....#P#..# #
.#####.#########.............####
.# #....# #.#P##..#..P..##P#
.#####.## ##.####..####.....> ..#
#..# #..## ##.## ##.#.#P ..####.#
##..# #).P# #..### ..##.#.#
#h.###..#####..# .P#....#
#S#.##..P##...#### .......###
#####Y.......F........
..#..#...###.##....##############
.####....SS........#♣♣(♣♣ ♣♣.♣♣
..# ##..P##..##....#♣...♣#♣.♣.♣#.
.## #..P#######...#.......♣♣♣.†.
..# #.### #...#♣...♣#♣.♣.♣#. .##
#.# #...#♣♣.♣♣ ♣.♣


You could see a black mamba and a dream sheep.

Vanquished Creatures
  An orc warlord (Bailey)
  A catoblepas (Lair:2)
  A boulder beetle (D:11)
  A black mamba (Lair:2)
  An unseen horror (D:11)
  3 cane toads
  2 komodo dragons (Lair:2)
  2 rime drakes (Lair:2)
  8 blink frogs (Lair:1)
  Sigmund (D:4)
  3 slime creatures (D:12)
  A shadow (D:9)
  Eustachio (D:4)
  2 wraiths
  2 wyverns
  42 yaks
  4 basilisks
  Grum (Lair:1)
  A steam dragon (D:8)
  4 vampire mosquitoes (D:11)
  Menkaure (D:4)
  10 water moccasins
  9 orc warriors
  An ice beast (D:8)
  2 centaurs
  3 wolves (Lair:1)
  A kobold brigand (D:8)
  9 bullfrogs
  2 gnoll sergeants
  4 scorpions
  6 killer bees (D:9)
  2 howler monkeys
  A bombardier beetle (D:5)
  2 hounds (D:6)
  4 jellies
  8 orc priests
  2 gnoll boudas
  A sleepcap (D:4)
  6 iguanas
  9 orc wizards
  16 gnolls
  5 adders
  A shadow imp (D:5)
  A white imp (D:7)
  3 ribbon worms
  3 dart slugs
  45 orcs
  4 ball pythons
  9 endoplasms
  3 giant cockroaches
  18 goblins
  11 hobgoblins
  21 kobolds
  A quokka (D:2)
  4 bats
  A frilled lizard (D:3)
  5 rats
316 creatures vanquished.

Vanquished Creatures (others)
  An ufetubus (D:5)
1 creature vanquished.

Grand Total: 317 creatures vanquished

Notes
Turn   | Place    | Note
-------+----------+-------------------------------------------
     0 | D:1      | ragingrage the Barachi Shapeshifter began the quest for the
                  | Orb.
     0 | D:1      | Reached XP level 1. HP: 15/15 MP: 1/1
   350 | D:1      | Found a faded altar of an unknown god.
   482 | D:1      | Reached XP level 2. HP: 16/21 MP: 2/2
   674 | D:1      | Found Hucses's Magic Scroll Shop.
   683 | D:1      | Bought a scroll of teleportation for 30 gold pieces
  1379 | D:2      | Reached skill level 2 in Fighting
  1379 | D:2      | Reached XP level 3. HP: 27/27 MP: 3/3
  1746 | D:2      | Found Hilir's Vocational Training.
  2129 | D:2      | Reached XP level 4. HP: 24/34 MP: 4/4
  2986 | D:3      | Found a runed translucent door.
  3267 | D:3      | Reached XP level 5. HP: 39/39 MP: 5/5
  3535 | D:3      | Noticed booth's ghost (amateur GrMo)
  3576 | D:4      | Found Ynacus's Armour Shop.
  3577 | D:4      | Noticed Sigmund
  3609 | D:4      | Noticed Menkaure
  3610 | D:4      | Reached skill level 1 in Short Blades
  3610 | D:4      | Reached skill level 1 in Stealth
  3628 | D:4      | Killed Menkaure
  3629 | D:4      | Reached XP level 6. HP: 46/46 MP: 6/6
  4286 | D:4      | Noticed Natasha
  4301 | D:4      | Banished Natasha
  4338 | D:4      | Found a hazy altar of Hepliaklqana.
  4533 | D:4      | Noticed Eustachio
  4557 | D:4      | Killed Eustachio
  4558 | D:4      | Reached skill level 4 in Fighting
  4558 | D:4      | Reached XP level 7. HP: 55/55 MP: 7/7
  4932 | D:5      | Entered Level 5 of the Dungeon
  4932 | D:5      | Found a staircase to the Ecumenical Temple.
  4950 | D:5      | Found a white marble altar of Elyvilon.
  5133 | D:5      | Reached skill level 5 in Fighting
  5232 | D:4      | Killed Sigmund
  5233 | D:4      | Reached skill level 5 in Short Blades
  5475 | D:5      | Reached XP level 8. HP: 56/62 MP: 8/8
  5687 | D:4      | Reached skill level 5 in Shapeshifting
  5898 | D:5      | Found an ancient bone altar of Kikubaaqudgha.
  6046 | D:5      | Found a shimmering altar of Xom.
  6151 | D:5      | Found a broken altar of Ashenzari.
  6151 | D:5      | Found an iron altar of Okawaru.
  7198 | Temple   | Entered the Ecumenical Temple
  7215 | Temple   | Became a worshipper of Uskayaw the Reveller
  7265 | D:6      | Reached * piety under Uskayaw
  7268 | D:6      | Reached ** piety under Uskayaw
  7535 | D:7      | Reached XP level 9. HP: 45/68 MP: 9/9
  7537 | D:7      | Reached *** piety under Uskayaw
  8342 | D:8      | Noticed Joseph
  8919 | D:8      | Banished Joseph
  9161 | D:8      | Reached skill level 6 in Fighting
  9161 | D:8      | Reached skill level 10 in Short Blades
  9161 | D:8      | Reached skill level 1 in Invocations
  9209 | D:8      | Identified the ring of Accord {rPois Will+}
  9829 | D:9      | Reached XP level 10. HP: 57/77 MP: 12/12
  9917 | D:9      | Noticed an orange crystal statue
  9947 | D:9      | Reached **** piety under Uskayaw
  9969 | D:9      | Reached skill level 7 in Fighting
 10159 | D:9      | Found a staircase to the Orcish Mines.
 10385 | D:9      | Reached skill level 8 in Fighting
 10385 | D:9      | Reached skill level 5 in Invocations
 10387 | D:9      | Reached ***** piety under Uskayaw
 10641 | D:9      | Found a snail-covered altar of Cheibriados.
 11157 | D:9      | Noticed a deep elf pyromancer
 11555 | D:8      | Learned a level 1 spell: Apportation
 11722 | D:10     | Entered Level 10 of the Dungeon
 11762 | D:10     | Reached skill level 1 in Evocations
 12069 | D:10     | Reached skill level 9 in Fighting
 12069 | D:10     | Reached XP level 11. HP: 74/89 MP: 15/15
 12113 | D:10     | Found a flagged portal.
 12119 | Bailey   | Entered a bailey
 12123 | Bailey   | Noticed an orc warlord
 12181 | Bailey   | Reached skill level 1 in Throwing
 12251 | Bailey   | Found a runed translucent gate.
 12251 | Bailey   | Found a runed translucent gate.
 12267 | Bailey   | Found a runed translucent gate.
 13463 | Bailey   | Killed an orc warlord
 13669 | Bailey   | Identified the +8 dagger of Watchfulness {speed, Will+
                  | rCorr}
 13679 | Bailey   | Got Kikubaaqudgha's Lectures on Shades
 13696 | D:10     | Acquired a manual of Evocations
 13778 | D:10     | Found a stormy altar of Qazlal.
 13953 | D:10     | Found a radiant altar of Vehumet.
 14065 | D:10     | Found the +5 robe of Misfortune {Harm *Corrode *Slow EV+5}
 14388 | D:11     | Identified the +8 sling "Yqomek Gyqa" {speed, rElec Will+}
 14427 | D:11     | Noticed a boulder beetle
 14433 | D:11     | Killed a boulder beetle
 14756 | D:11     | Reached skill level 5 in Dodging
 14863 | D:11     | Found a staircase to the Lair.
 14927 | D:11     | Reached skill level 10 in Fighting
 14927 | D:11     | Reached skill level 5 in Evocations
 15189 | D:11     | Noticed a two-headed ogre
 16102 | Lair:1   | Entered Level 1 of the Lair of Beasts
 16102 | Lair:1   | Found a gate leading to a gauntlet.
 16250 | Lair:1   | Noticed Gastronok
 16344 | Lair:1   | Banished Gastronok
 16345 | Lair:1   | Reached skill level 11 in Fighting
 16345 | Lair:1   | Reached skill level 5 in Throwing
 16345 | Lair:1   | Reached XP level 12. HP: 98/100 MP: 16/16
 17426 | Lair:1   | Reached skill level 12 in Fighting
 17544 | Lair:1   | Reached skill level 10 in Evocations
 17583 | Lair:1   | Noticed Grum
 17603 | Lair:1   | Killed Grum
 17801 | Lair:2   | Found a hole to the Spider Nest.
 18323 | Lair:2   | Noticed a catoblepas
 18344 | Lair:2   | Killed a catoblepas
 18516 | Lair:2   | Reached skill level 10 in Shapeshifting
 18650 | Lair:2   | Noticed a boulder beetle
 18650 | Lair:2   | Noticed a skyshark
 18820 | Lair:2   | Reached ****** piety under Uskayaw
 18838 | Lair:2   | Gained mutation: You can hop long distances. [Barachi
                  | growth]
 18838 | Lair:2   | Reached XP level 13. HP: 36/109 MP: 17/17
 19177 | Orc:1    | Entered Level 1 of the Orcish Mines
 19435 | D:2      | Bought a manual of Invocations for 960 gold pieces
 19900 | Lair:2   | Slain by a black mamba

Illustrated notes

Levels and vault maps discovered:
D:1:      kennysheep_arrival_forest, layout_loops_corners,
          hellmonk_ecumenical_altar_leap_of_faith, serial_shops,
          nicolae_square_shop
D:2:      layout_basic, nicolae_shop_vocational
D:3:      layout_basic, gammafunk_ghost_grave
D:4:      minmay_door_path, layout_loops_ring, nicolae_overflow_hidden_temple,
          hangedman_abyss_or_decor_stagger, abandoned_shop,
          nicolae_take_the_stairs, uniq_menkaure, uniq_sigmund, uniq_natasha,
          uniq_eustachio
D:5:      layout_basic, gammafunk_temple_overflow_statue, xom_confusion_cloud,
          nicolae_kikubaaqudgha_miasma_corner, elyvilon_altar_5,
          minmay_temple_entry_from_below_a, amcnicky_mini_pool_small
D:6:      layout_basic, serial_curves, eino_curves_01, eino_curves_04,
          st_stairs_2
D:7:      layout_basic
D:8:      layout_cave_pools, uniq_joseph
D:9:      layout_layer_cave, mainiacjoe_overflow_chevrons, bloody_makhleb,
          david_orc_5, minivault_16, minmay_bent
D:10:     layout_loops_cross, mainiacjoe_overflow_alcove_1, enter_bailey_3,
          chequers_serial_rivers_small_a, kennysheep_small_circle
D:11:     layout_basic, minmay_lair_entry_grove, nicolae_twisty_statue_hallways
D:12:     minmay_the_grid_4x2 [minmay_the_grid_expand,
          minmay_the_grid_pillar_ring, minmay_the_grid_tiny_cups,
          minmay_the_grid_paths, minmay_the_grid_embedded,
          minmay_the_grid_diamond_grid, minmay_the_grid_doors,
          minmay_the_grid_prize_shrinking_boxes], layout_basic,
          portal_ice_cave_entry_pillars_1, nicolae_the_louvre, uniq_sonja,
          uniq_nergalle, uniq_snorg
Temple:   nicolae_temple_ecumenical_triangle
Lair:1:   layout_small_grid, gauntlet_entry_generic, uniq_grum, uniq_gastronok
Lair:2:   nzn_winding_woodlands_medium [nzn_winding_woodlands_5x5_open_star,
          nzn_winding_woodlands_5x15_eye,
          nzn_winding_woodlands_5x5_checkerboard,
          nzn_winding_woodlands_5x5_closed_star,
          nzn_winding_woodlands_center_triple_pond,
          nzn_winding_woodlands_5x5_three, nzn_winding_woodlands_5x5_perimeter,
          nzn_winding_woodlands_5x15_pathside_ponds,
          nzn_winding_woodlands_5x5_default], layout_small_grid,
          spider_nest_entry_web_field, minmay_shattered_shrine
Lair:3:   layout_hall_layers, minmay_shoals_entry_hut,
          lightli_volcano_entry_magma_tube, worms_lemuel
Orc:1:    layout_caves, serial_shops, nicolae_shop_just_a_little_nook,
          lemuel_statue_altar

Skill      XL: |  1  2  3  4  5  6  7  8  9 10 11 12 13 |
---------------+----------------------------------------+-----
Fighting       | 2 4 5 6 9 11 12 | 12.6
Unarmed Combat | 4 |  4.8
Short Blades   | 3 4 6 8 10 | 10.0
Stealth        | 2 3 4 |  4.0
Shapeshifting  | 4 6 7 10 | 10.0
Invocations    | 3 6 |  6.5
Evocations     | 1 8 10 | 10.9
Dodging        | 4 5 6 |  6.2
Throwing       | 5 6 |  6.0

Action                     |  1- 3 |  4- 6 |  7- 9 | 10-12 | 13-15 || total
---------------------------+-------+-------+-------+-------+-------++-------
  Melee: Unarmed           |    82 |    27 |       |       |       ||   109
         Punch             |     1 |     3 |     7 |    28 |     1 ||    40
         Short sword       |       |    53 |   235 |   644 |    30 ||   962
   Fire: Sling             |    26 |    12 |       |       |       ||    38
  Throw: Dart              |       |       |     3 |    14 |       ||    17
         Boomerang         |       |       |     3 |    42 |       ||    45
   Cast: Apportation       |       |       |       |     4 |       ||     4
Ability: Hop               |       |     2 |     1 |     3 |     1 ||     7
  Evoke: Wand              |       |       |       |     2 |     1 ||     3
    Use: Scroll            |     1 |     2 |     7 |     8 |     1 ||    19
         Potion            |       |     3 |     1 |       |     2 ||     6
   Stab: Paralysed         |       |       |     4 |    34 |       ||    38
         Sleeping          |       |       |       |     2 |       ||     2
 Armour: Animal skin       |    22 |       |       |       |       ||    22
         Ring mail         |    15 |    45 |   116 |   248 |    19 ||   443
         Skin              |       |     3 |       |       |       ||     3
  Dodge: Dodged            |    44 |    44 |    87 |   205 |    13 ||   393
   Form: Beast             |       |       |       |     2 |       ||     2
         Maw               |       |       |       |     2 |       ||     2
                           |       |       |       |     1 |       ||     1
